 Dungeon Crawl Stone Soup version 0.32-a0-900-g30fb1b0edc (webtiles) character file.

Game seed: 14276620818343279114

52 Ruich the Shield-Bearer (level 3, -2/36 HPs)
             Began as a Troll Fighter on Apr 6, 2024.
             Was a Plaything of Xom.
             Slain by a sky beast (6 damage)
             ... on level 2 of the Dungeon.
             The game lasted 00:02:57 (1425 turns).

Ruich the Shield-Bearer (Troll Fighter)             Turns: 1425, Time: 00:02:57

Health: -2/36      AC:  4    Str: 24    XL:     3   Next: 60%
Magic:  2/2        EV:  8    Int:  4    God:    Xom [..*...]
Gold:   133        SH:  8    Dex: 11    Spells: 2/2 levels left

rFire   . .          .
                       - Unarmed
rCold   . . .        b - +0 kite shield
rNeg    . . .        a - +0 robe
rPois   .            (helmet restricted)
rElec   .            (no cloak)
rCorr   .            (gloves unavailable)
SInv    .            (boots unavailable)
Will    .....        (no amulet)
Stlth   +            (no ring)
HPRegen 1.06/turn    (no ring)
MPRegen 0.08/turn

%: no passive effects
@: no status effects
A: large, unfitting armour, claws 3, regeneration 1, shaggy fur 1, tough skin 1
a: Renounce Religion


You were on level 2 of the Dungeon.
You worshipped Xom.
You were a toy of Xom.
You visited 1 branch of the dungeon, and saw 3 of its levels.

You collected 133 gold pieces.


Innate Abilities, Weirdness & Mutations

You are too large for most types of armour.
You have claws for hands.
Your natural rate of healing is unusually fast.
You are covered in fur. (AC +1)
You have tough skin. (AC +1)


   Skills:
 + Level 2.7 Fighting
 + Level 2.7 Dodging
 + Level 3.1 Shields
 * Level 2.9 Unarmed Combat


You had 2 spell levels left.
You didn't know any spells.
Your spell library was empty.

Inventory:

Missiles
 f - a throwing net {=f}
Armour
 a - a +0 robe (worn)
 b - a +0 kite shield (worn)
Scrolls
 g - a scroll of amnesia {unknown}
 h - a scroll of immolation {unknown}
 i - a scroll of identify {unknown}
Potions
 c - a potion of might
 d - 2 potions of curing {unknown}
 e - 4 potions of heal wounds {unknown}
 j - a potion of resistance {unknown}

Dungeon Overview and Level Annotations

Branches:
Dungeon (3/15) Zot: 16553

Altars:
Qazlal
Xom
Yredelemnul

Shops:
D:2

( .##.#.....#####.##.#.#
#########.
###.#........##.##.#.#
#...<..)## #.##.##.##.##......#
#.#####.#
#.......##.#####.#####.#####.##
####...#.#.# #.##...>..).....
####..###..#####.##.##.......##
#....#####.....#.............#
###......##..###>####.##.......#
.....###.#.### #@# #.##.......#
.##..# #.†## #.# #.###.....##
.##..###.## ####.# #........##
.##......# #....# ##########
.#####.### #.#### .# ###.### #.#
.# #.....####.### ##
#.....##.....# #.....##.#.#.#


There were no monsters in sight!


Message History

The jackal bites you.
The jackal bites you but does no damage.
The sky beast barely misses you.
You climb upwards.
There is a stone staircase leading down here.
You claw the jackal!
You kill the jackal!
You block the sky beast's attack.
The sky beast flickers out of sight!
Deactivating autopickup; reactivate with Ctrl-A.
Something hits you. Something shocks you.
You claw something! Something hits you. Something shocks you.
You closely miss something. Something hits you but does no damage.
You miss something. Something hits you. Something shocks you.
You closely miss something. Something hits you. Something shocks you.
* * * LOW HITPOINT WARNING * * *
You miss something. Something hits you but does no damage.
You miss something. Something hits you.
* * * LOW HITPOINT WARNING * * *
Something shocks you.
* * * LOW HITPOINT WARNING * * *
You claw something! Something hits you but does no damage.
You barely miss something. Something hits you.
* * * LOW HITPOINT WARNING * * *
Something shocks you.
* * * LOW HITPOINT WARNING * * *
You miss something. Something hits you.
* * * LOW HITPOINT WARNING * * *
Something shocks you.
You die...

Skill      XL: |  1  2  3 |
---------------+----------+-----
Shields        | 3 |  3.1
Fighting       | |  2.7
Dodging        | |  2.7
Unarmed Combat | |  2.9

Action                     || total
---------------------------++-------
  Melee: Unarmed           ||   134
   Stab: Sleeping          ||     2
 Armour: Robe              ||    81
  Dodge: Dodged            ||    40
  Block: Kite shield       ||    56

Levels and vault maps discovered:
D:1:      dpeg_arrival_brainrot, layout_basic,
          shapermc_ecumenical_altar_mp_ritualfount
D:2:      layout_loops_cross, basic_altar, serial_shops,
          nicolae_shop_bloodbath_and_beyond
D:3:      minmay_goblin_kobold_castle, layout_loops_ring,
          nicolae_qazlal_beasts_of_the_sky, uniq_grinder,
          uniq_crazy_yiuf_cottage, uniq_robin

Notes
Turn   | Place    | Note
-------+----------+-------------------------------------------
     0 | D:1      | Ruich the Troll Fighter began the quest for the Orb.
     0 | D:1      | Reached XP level 1. HP: 22/22 MP: 0/0
   303 | D:1      | Reached XP level 2. HP: 29/29 MP: 1/1
   542 | D:1      | Found a faded altar of an unknown god.
   585 | D:1      | Prayed at the altar of an unknown god.
   585 | D:1      | Became a worshipper of Xom the Begetter of Discontinuities
   665 | D:1      | XOM: silly message
   751 | D:2      | XOM: potion effect (berserk rage)
   910 | D:2      | Found a basalt altar of Yredelemnul.
   923 | D:2      | Reached XP level 3. HP: 25/36 MP: 2/2
   980 | D:2      | Reached skill level 3 in Shields
   992 | D:2      | XOM: silly message
  1044 | D:2      | XOM: divination: detect creatures
  1115 | D:2      | XOM: divination: magic mapping
  1118 | D:2      | XOM: silly message
  1179 | D:2      | XOM: divination: detect creatures
  1313 | D:2      | Found Pemiuduho's Weapon Shop.
  1405 | D:3      | Found a stormy altar of Qazlal.
  1405 | D:3      | Noticed a sky beast
  1425 | D:2      | Slain by a sky beast

Vanquished Creatures
  3 ribbon worms (D:2)
  A ball python (D:2)
  4 endoplasms
  2 giant cockroaches
  8 goblins
  2 hobgoblins
  4 jackals
  3 quokkas
  4 bats
  6 frilled lizards
  2 kobolds (D:2)
  3 rats
42 creatures vanquished.

Table legend: (Time is in decaauts)
 A = Elapsed time spent in this place.
 B = Non-inter-level travel time spent in this place.
 C = Inter-level travel time spent in this place.
 D = Time resting spent in this place.
 E = Time spent auto-exploring this place.
 F = Levels seen in this place.
 G = Mean time per level.
                   A        B        C        D        E       F      G
               +--------+--------+--------+--------+--------+-----+--------+
         Total |   1445 |   1415 |     30 |     50 |   1040 |   3 |  481.7 |
       Dungeon |   1445 |   1415 |     30 |     50 |   1040 |   3 |  481.7 |
               +--------+--------+--------+--------+--------+-----+--------+

Top non-repeatable levels by time:
     D:1: 809 daAuts
     D:2: 623 daAuts
     D:3: 13 daAuts

Table legend:
 A = Non-vault XP
 B = Vault XP
 C = Vault XP percentage of total XP
 D = Non-vault monster count
 E = Vault monster count
 F = Vault count percentage of total count
                 A         B        C        D         E       F
            +---------+---------+-------+---------+---------+-------
      Total |      75 |       0 |   0.0 |      42 |       0 |   0.0
            +---------+---------+-------+---------+---------+-------
        D:1 |      29 |       0 |   0.0 |      18 |       0 |   0.0
        D:2 |      46 |       0 |   0.0 |      24 |       0 |   0.0
            +---------+---------+-------+---------+---------+-------
